AoeStats
← ITA | GiaggiaZena

Arena

510375962Analyzed
4v4 RM · 2d ago on Sep 30, 2026· 33m 39s· 8 players
Game mode
Random Map
Map size
Large (8 player)
Population
200
Speed
Normal
Resources
Standard
Victory
Conquest
Starting age
Dark Age
Ending age
Imperial Age
RankedLock teamsTeams togetherTeam positionsShared explorationLock speedFull tech treeHidden civsTurbo modeCheats
Victory
Defeat
🇧🇷 Cumans · Brazil
1425
+12
🇦🇷 Britons · Argentina
1316
+16
🇺🇾 Khmer · Uruguay
1283
+17
🇲🇽 Cumans · Mexico
1282
+17
🇮🇹 Georgians · Italy
1411
-19
🇫🇷 Huns · France
1340
-17
🇧🇷 Britons · Brazil
1302
-15
🇳🇱 Wei · Netherlands
1211
-11
man_mel49
9:38 Feudal Age
11:53 Double-Bit Axe
17:28 Wheelbarrow
17:59 Loom
20:37 Castle Age
20:08 Forging
20:37 Scale Mail Armor
21:02 Bloodlines
21:14 Scale Barding Armor
21:32 Bow Saw
20:49 Pikeman
21:51 Squires
25:45 Horse Collar
27:36 Capped Ram
32:26 Heavy Plow
35:29 Imperial Age
33:18 Hand Cart
TanjiroK
9:19 Feudal Age
13:25 Castle Age
11:34 Horse Collar
12:16 Double-Bit Axe
21:22 Fletching
22:20 Bodkin Arrow
24:43 Wheelbarrow
23:55 Town Watch
25:30 Padded Archer Armor
26:02 Loom
30:07 Imperial Age
29:02 Leather Archer Armor
30:43 Ballistics
31:00 Bracer
31:30 Ring Archer Armor
32:04 Chemistry
31:29 Conscription
32:58 Elite Longbowman
Fs.Emmanuel
9:00 Feudal Age
9:43 Double-Bit Axe
11:04 Horse Collar
17:03 Wheelbarrow
17:06 Gold Mining
17:17 Loom
20:45 Castle Age
19:21 Bloodlines
19:53 Scale Barding Armor
21:22 Forging
20:56 Capped Ram
21:50 Bow Saw
22:53 Chain Barding Armor
24:23 Iron Casting
24:28 Heavy Plow
33:58 Imperial Age
32:31 Gold Shaft Mining
32:16 Hand Cart
EBERE
11:38 Feudal Age
14:41 Castle Age
12:48 Double-Bit Axe
12:44 Horse Collar
14:37 Stone Mining
21:33 Scale Barding Armor
21:17 Loom
21:55 Gold Mining
24:06 Chain Barding Armor
25:44 Ballistics
27:07 Wheelbarrow
26:56 Bloodlines
29:04 Heavy Plow
29:33 Hand Cart
29:20 Husbandry
29:48 Town Watch
33:52 Imperial Age
34:03 Town Patrol
MattVini
10:20 Feudal Age
14:06 Castle Age
12:04 Horse Collar
12:11 Double-Bit Axe
15:08 Bow Saw
15:01 Heavy Plow
20:10 Wheelbarrow
20:28 Gold Mining
20:59 Stone Mining
23:06 Gold Shaft Mining
24:27 Padded Archer Armor
24:17 Fletching
25:51 Bodkin Arrow
26:26 Leather Archer Armor
Knaapje
5:04 Loom
10:20 Feudal Age
11:36 Double-Bit Axe
11:33 Horse Collar
11:43 Gold Mining
11:44 Stone Mining
13:36 Wheelbarrow
17:24 Castle Age
18:24 Scale Barding Armor
18:31 Forging
18:43 Bow Saw
22:24 Bloodlines
24:54 Heavy Plow
30:48 Imperial Age
29:19 Elite Skirmisher
Sacks910
11:43 Feudal Age
10:52 Loom
14:19 Double-Bit Axe
14:44 Horse Collar
17:14 Castle Age
19:27 Bow Saw
20:12 Wheelbarrow
20:56 Heavy Plow
22:52 Pikeman
25:08 Scale Mail Armor
27:27 Forging
28:38 Gold Mining
30:08 Chain Mail Armor
30:29 Iron Casting
32:27 Imperial Age
32:01 Thumb Ring
31:48 Fletching
31:59 Padded Archer Armor
32:22 Ballistics
ITA | GiaggiaZena
10:24 Feudal Age
14:36 Castle Age
12:29 Double-Bit Axe
13:56 Horse Collar
15:46 Bow Saw
19:44 Town Watch
22:25 Wheelbarrow
22:44 Gold Mining
23:24 Stone Mining
24:59 Fletching
26:03 Bodkin Arrow
29:11 Scale Barding Armor
30:37 Forging
32:21 Chain Barding Armor
32:08 Loom
33:03 Bodkin Arrow
Connection lost

Rejoining the realm…

Still unreachable

The connection could not be restored.

Session expired

The server has moved on; the page needs a fresh start.